 Dungeon Crawl Stone Soup version 0.21-a0-405-gf2af9a1 (webtiles) character file.

826 DakAttack the Conjurer (level 7, -1/57 HPs)
             Began as a Purple Draconian Conjurer on Nov 1, 2017.
             Was an Initiate of Vehumet.
             Slain by a wight
             ... wielding a cursed +4 mace of freezing
              (3 damage)
             ... on level 6 of the Dungeon.
             The game lasted 00:13:06 (4618 turns).

DakAttack the Conjurer (Purple Draconian Conjurer)  Turns: 4618, Time: 00:13:07

Health: -1/57      AC:  8    Str: 11    XL:     7   Next: 64%
Magic:  5/15       EV: 12    Int: 17    God:    Vehumet [......]
Gold:   286        SH:  0    Dex: 11    Spells: 10/17 levels left

rFire    . . .     SeeInvis .   d - +2 mace (protect)
rCold    . . .     Gourm    .   (no shield)
rNeg     . . .     Faith    .   (armour unavailable)
rPois    .         Spirit   .   k - +2 hat
rElec    .         Reflect  .   (no cloak)
rCorr    .         Harm     .   (no gloves)
MR       +....                  (no boots)
Stlth    +++.......             (no amulet)
HPRegen  0.19/turn              i - ring of stealth
MPRegen  0.14/turn              o - ring of flight

@: drained
A: breathe power, unfitting armour, cold-blooded, AC +6
a: Breathe Dispelling Energy, Renounce Religion, Evoke Flight


You were on level 6 of the Dungeon.
You worshipped Vehumet.
Vehumet was noncommittal.
You were not hungry.

You visited 2 branches of the dungeon, and saw 7 of its levels.

You collected 286 gold pieces.

Inventory:

Hand Weapons
 d - a +2 mace of protection (weapon)
Armour
 k - a +2 hat (worn)
Jewellery
 i - a ring of stealth (left hand)
 o - a ring of flight (right hand)
Wands
 f - a wand of clouds (3/9)
 p - a wand of confusion (23/48)
Scrolls
 l - a scroll of remove curse
Potions
 c - a potion of cancellation {unknown}
 e - 2 potions of brilliance
 g - 2 potions of haste
 h - 2 potions of lignification {unknown}
 m - 2 potions of curing {unknown}
Books
 a - a book of Conjurations

   Spells                             Type                      Level
   a - Magic Dart                     Conjuration                  1
   b - Searing Ray                    Conjuration                  2
   c - Dazzling Spray                 Conjuration/Hexes            3
   d - Fulminant Prism                Conjuration/Hexes            4
   e - Force Lance                    Conjuration/Translocation    4
   f - Iskenderun's Mystic Blast      Conjuration                  4
 j - a book of Misfortune

   Spells                             Type                      Level
   a - Confusing Touch                Hexes                        1
   b - Confuse                        Hexes                        3
   c - Gell's Gravitas                Translocation                3
   d - Petrify                        Transmutation/Earth          4
   e - Metabolic Englaciation         Hexes/Ice                    5
   f - Yara's Violent Unravelling     Hexes/Transmutation          5
Comestibles
 b - 2 bread rations
 n - 2 fruits


   Skills:
 + Level 3.2(2.5) Fighting
 + Level 3.3(2.6) Dodging
 + Level 3.5(2.8) Stealth
 * Level 5.5(4.7) Spellcasting
 * Level 6.1(5.3) Conjurations


You had 10 spell levels left.
You knew the following spells:

 Your Spells              Type           Power        Failure   Level  Hunger
a - Magic Dart            Conj           ###.         1%          1    None
b - Searing Ray           Conj           ###...       2%          2    #......
c - Iskenderun's Mystic   Conj           ###.....     16%         4    ####...


Dungeon Overview and Level Annotations

Branches:
Dungeon (7/15)             Temple (1/1) D:4

Altars:
Ashenzari
Elyvilon
Fedhas
Gozag
Kikubaaqudgha
Makhleb
Ru
Trog
Uskayaw
Vehumet
Wu Jian
Xom
Yredelemnul
Zin
The Shining One

Shops:
D:7 [


Innate Abilities, Weirdness & Mutations

You can breathe bolts of dispelling energy.
Your rich purple scales are hard. (AC +6)
You cannot fit into any form of body armour.
You are cold-blooded and may be slowed by cold attacks.


Message History

Press: ? - help, Shift-Dir - straight line, f - wight
Aim: a wight, wielding a mace of freezing and wearing a robe The magic dart hits the wight.
You barely miss the wight.
You tail-slap the wight, but do no damage.
The wight hits you with a mace of freezing!
* * * LOW HITPOINT WARNING * * *
You feel yourself slow down. The wight freezes you.
* * * LOW HITPOINT WARNING * * *
You hit the wight.
Your weapon exudes an aura of protection.
The wight is lightly damaged.
You feel yourself speed up. The wight barely misses you. The wight misses you.
You barely miss the wight.
The wight is lightly damaged.
The wight hits you with a mace of freezing!
* * * LOW HITPOINT WARNING * * *
You feel drained.
You die...

...# ##....# # <#
#.## ##### .# #.# #
#.# #.##########
#.........z#####
..########..>..#####
### #####)#.._#
#.z@..# ###.._#
#####


You could see a wight.

Vanquished Creatures
  The ghost of DakAttack the Chiller, an amateur GnWn (D:3)
  A big kobold (D:3)
  A bullfrog (D:6)
  3 wights (D:6)
  A crimson imp (D:6)
  A bullfrog zombie (D:6)
  An orc wizard (D:6)
  An orc priest (D:6)
  2 worker ants
  Robin (D:2)
  A gnoll (D:7)
  8 adders
  An ooze (D:3)
  2 adder skeletons
  5 worms
  2 dart slugs
  A leopard gecko (D:2)
  6 orcs
  5 bats
  3 giant cockroaches
  10 goblins
  14 hobgoblins
  5 jackals
  2 ball pythons
  A frilled lizard (D:1)
  14 kobolds
  4 rats
97 creatures vanquished.

Notes
Turn   | Place    | Note
-------+----------+-------------------------------------------
     0 | D:1      | DakAttack the Draconian Conjurer began the quest for the Orb.
     0 | D:1      | Reached XP level 1. HP: 14/14 MP: 3/3
   138 | D:1      | Reached XP level 2. HP: 20/20 MP: 5/5
   544 | D:1      | Reached XP level 3. HP: 25/27 MP: 6/6
   565 | D:1      | Learned a level 2 spell: Searing Ray
   817 | D:2      | Noticed Robin
   831 | D:2      | Reached skill level 1 in Fighting
  1080 | D:2      | Killed Robin
  1080 | D:2      | Reached XP level 4. HP: 26/35 MP: 3/8
  1578 | D:3      | Noticed a big kobold
  1593 | D:3      | Killed a big kobold
  1593 | D:3      | Reached XP level 5. HP: 28/41 MP: 0/9
  1633 | D:3      | Reached skill level 5 in Conjurations
  1844 | D:3      | Learned a level 4 spell: Iskenderun's Mystic Blast
  2145 | D:3      | Noticed DakAttack's ghost (amateur GnWn)
  2175 | D:3      | Killed DakAttack's ghost
  2175 | D:3      | Reached XP level 6. HP: 8/50 MP: 0/11
  3037 | D:4      | Found a staircase to the Ecumenical Temple.
  3206 | Temple   | Entered the Ecumenical Temple
  3603 | Temple   | Became a worshipper of Vehumet
  3659 | D:4      | You fall through a shaft for 3 floors!
  3659 | D:7      | Found Vohor's Armour Boutique.
  4053 | D:6      | Found a shimmering altar of Xom.
  4054 | D:6      | Found a burning altar of Makhleb.
  4063 | D:6      | Your scales start taking on a rich purple colour.
  4063 | D:6      | Reached XP level 7. HP: 56/56 MP: 1/14
  4104 | D:6      | Found an ornate altar of the Wu Jian Council.
  4113 | D:6      | Reached skill level 5 in Spellcasting
  4534 | D:6      | Reached skill level 6 in Conjurations
  4618 | D:6      | HP: 2/57 [wight/mace of freezing (8)]
  4618 | D:6      | Slain by a wight

Vault maps used:
D:1:      lightli_arrival_statue_moat, serial_corexii_hall,
          corexii_hall_statues_s, corexii_hall_statues_t
D:2:      cheibriados_altar_1, old_standard_altar, first_bread,
          kennysheep_crisscross, uniq_robin
D:3:      cheibrodos_thug_alley
D:4:      overflow_temple_1_default, lemuel_temple_firewalk_b, st_stairs_5
D:6:      grunt_temple_overflow_champion_of_chaos,
          nicolae_overflow_crystal_walls, nicolae_dithmenos_shadow_blocks,
          serial_co_window_serial, co_window_corner_a, co_window_corner_a,
          co_window_cross_1, co_window_corner_a, co_window_of_opportunity_a,
          co_window_unsneaky_path_c, co_window_corner_b,
          co_window_of_opportunity_c, co_window_cross_2,
          co_window_of_opportunity_b
D:7:      serial_shops, shop, uniq_duvessa
Temple:   hc_temple_tempest_star

Skill      XL: |  1  2  3  4  5  6  7 |
---------------+----------------------+-----
Dodging        | 2 3 |  3.3
Stealth        | 2 3 |  3.5
Fighting       | 1 2 3 |  3.2
Spellcasting   | 3 4 5 |  5.5
Conjurations   | 5 6 |  6.1

Action                   |  1- 3 |  4- 6 |  7- 9 || total
-------------------------+-------+-------+-------++-------
Melee: Mace              |    89 |    83 |     4 ||   176
       Tailslap          |     8 |    10 |     1 ||    19
       Unarmed           |     2 |       |       ||     2
 Cast: Magic Dart        |    20 |   100 |    23 ||   143
       Searing Ray       |     2 |     7 |     4 ||    13
       Iskenderun's Myst |       |     2 |     2 ||     4
 Abil: Breathe Dispellin |       |       |     3 ||     3
  Use: Scroll            |     3 |     1 |     1 ||     5
       Potion            |       |     2 |       ||     2
 Stab: Sleeping          |     1 |       |       ||     1
  Eat: Fruit             |     1 |     1 |       ||     2
       Chunk             |       |     7 |       ||     7
       Meat ration       |       |     1 |       ||     1
Armor: Skin              |    64 |    43 |     3 ||   110
Dodge: Dodged            |    80 |   106 |    14 ||   200

Table legend:
 A = Spawn XP
 B = Non-spawn XP
 C = Spawn XP percentage of total XP
 D = Spawn monster count
 E = Non-spawn monster count
 F = Spawn count percentage of total count
 G = Total turns spent on level
                    A         B        C        D         E        F      G
               +---------+---------+-------+---------+---------+-------+---------
         Total |       0 |    1180 |   0.0 |       0 |      97 |   0.0 |  4618
               +---------+---------+-------+---------+---------+-------+---------
           D:1 |       0 |      42 |   0.0 |       0 |      24 |   0.0 |   696
           D:2 |       0 |      69 |   0.0 |       0 |      16 |   0.0 |   525
           D:3 |       0 |     530 |   0.0 |       0 |      39 |   0.0 |  1721
           D:4 |       0 |      12 |   0.0 |       0 |       3 |   0.0 |   301
           D:6 |       0 |     474 |   0.0 |       0 |      12 |   0.0 |   568
           D:7 |       0 |      53 |   0.0 |       0 |       3 |   0.0 |   391
               +---------+---------+-------+---------+---------+-------+---------
